 Dungeon Crawl Stone Soup version 0.22-a0-565-gfc6459a (webtiles) character file.

1514 inc the Conjurer (level 8, -1/46 HPs)
             Began as an Octopode Fire Elementalist on June 28, 2018.
             Was an Initiate of Gozag.
             Slain by an orc warrior
             ... wielding a +0 hand axe
              (16 damage)
             ... in a bailey.
             The game lasted 00:14:42 (6813 turns).

inc the Conjurer (Octopode Fire Elementalist)       Turns: 6813, Time: 00:14:42

Health: -1/46      AC:  1    Str: 12    XL:     8   Next: 83%
Magic:  2/15       EV: 17    Int: 20    God:    Gozag
Gold:   1148       SH:  3    Dex: 12    Spells: 12/17 levels left

rFire    . . .     SeeInvis .   B - +1 hand axe (vamp)
rCold    . . .     Gourm    .   (no shield)
rNeg     . . .     Faith    .   (helmet restricted)
rPois    +         Spirit   .   o - +3 amulet of reflection
rElec    .         Reflect  +   l - ring of poison resistance
rCorr    .         Harm     .   (no ring)
MR       .....                  A - +4 ring of evasion
Stlth    +++.......             (no ring)
HPRegen  0.15/turn              (no ring)
MPRegen  0.14/turn              (no ring)
                                (no ring)
                                (no ring)

@: mighty, gold aura
A: almost no armour, stealthy swim, amphibious, 8 rings, constrict 8, camouflage
1, gelatinous body 1
a: Potion Petition, Call Merchant, Bribe Branch, Renounce Religion


You were in a bailey.
You worshipped Gozag.
Gozag was most pleased with you.
You were full.

You visited 1 branch of the dungeon, and saw 7 of its levels.
You also visited: Bailey.

You collected 1162 gold pieces.
You paid 14 gold pieces to Gozag.

Inventory:

Hand Weapons
 b - a +0 short sword
 B - a +1 vampiric hand axe (weapon)
Missiles
 p - a throwing net (quivered)
Jewellery
 h - an uncursed amulet of harm
 l - a ring of poison resistance (left tentacle)
 o - a +3 amulet of reflection (around mantle)
 t - an uncursed amulet of the gourmand
 y - an uncursed ring of ice
 A - a +4 ring of evasion (on tentacle)
Wands
 q - a wand of clouds (6)
 v - a wand of polymorph (14)
Scrolls
 a - 2 scrolls of immolation
 e - a scroll of amnesia {unknown}
 f - a scroll of blinking
 i - 2 scrolls of fear
 j - 3 scrolls of remove curse
 m - 2 scrolls of teleportation
 n - 3 scrolls of enchant armour
 u - a scroll of enchant weapon {unknown}
 x - 2 scrolls of identify
Potions
 d - a potion of flight {unknown}
 g - 7 potions of curing
 k - a potion of mutation
 r - a potion of ambrosia
 s - 2 potions of degeneration
 w - a potion of agility {unknown}
 z - 2 potions of might
Comestibles
 c - 6 rations


   Skills:
 - Level 2.0 Dodging
 - Level 2.6 Stealth
 - Level 5.0 Spellcasting
 + Level 7.0 Conjurations
 + Level 7.0 Fire Magic


You had 12 spell levels left.
You knew the following spells:

 Your Spells              Type           Power        Failure   Level  Hunger
a - Flame Tongue          Conj/Fire      ####.        1%          1    None
b - Sticky Flame          Conj/Fire      ####....     6%          4    ####...

Your spell library contained the following spells:

 Spells                   Type           Power        Failure   Level  Hunger
 Fireball                 Conj/Fire      ####......   19%         5    #####..
 Conjure Flame            Conj/Fire      ####....     1%          3    ##.....
 Throw Flame              Conj/Fire      ####..       1%          2    None
 Inner Flame              Hex/Fire       ###.....     9%          3    ##.....


Dungeon Overview and Level Annotations

Branches:
Dungeon (7/15)
 Temple: D:4-7

Altars:
Cheibriados
Dithmenos
Fedhas
Gozag
Trog
Uskayaw
Vehumet
The Shining One

Shops:
D:2 *


Innate Abilities, Weirdness & Mutations

You cannot wear most types of armour.
You are very stealthy in the water. (Stealth+)
You are amphibious.
You can wear up to eight rings at the same time.
You can use your tentacles to constrict eight enemies at once.
Your skin changes colour to match your surroundings (Stealth+).
Your rubbery body absorbs attacks. (AC +1, EV +1)


Message History

The hobgoblin shouts!
The hobgoblin barely misses you.
There is an open door here.
You feel very mighty all of a sudden.
The orc warrior hits you with a hand axe!
You slash the orc warrior! You grab the orc warrior.
The orc warrior is moderately wounded.
You barely miss the goblin. You constrict the orc warrior.
The orc warrior hits you with a hand axe!
* * * LOW HITPOINT WARNING * * *
The goblin closely misses you.
Unknown command.
You hit the goblin.
You kill the goblin!
You hit the orc warrior.
You feel better.
You constrict the orc warrior, but do no damage.
The orc warrior completely misses you.
The orc warrior hits you with a hand axe!
You die...
Your body crumbles into a pile of gold.

♣##'''##♣ ##.....##
#..))...# ##..)....##
#...).....# ##....)....##
#######.....⌠.....######
##.....##o.....$..##.....
#.......@ogg......'g.....
#.......##.g.....##$.....
.........#.......#.......
g........##.....##.......
....⌠.....#######.....⌠..
.........##$ $ $##.......
.........#


$$$$$ #....... #.......## ##...... #.......# You could see an orc warrior, an
orc, 2 hobgoblins and a goblin.

Vanquished Creatures
  A hippogriff (D:7)
  3 orc warriors
  An ice beast (D:7)
  An ogre (D:4)
  3 big kobolds (D:4)
  A bullfrog (D:7)
  A howler monkey (D:5)
  2 crimson imps
  4 hounds
  3 worker ants
  6 gnolls (D:4)
  5 adders
  An adder skeleton (D:4)
  2 worms
  3 dart slugs
  6 leopard geckos
  16 orcs
  A ball python (D:4)
  6 bats
  2 giant cockroaches
  33 goblins
  44 hobgoblins
  2 jackals (D:1)
  3 quokkas
  6 frilled lizards
  10 kobolds
  A quokka skeleton (D:5)
  6 rats
173 creatures vanquished.

Notes
Turn   | Place    | Note
-------+----------+-------------------------------------------
     0 | D:1      | inc the Octopode Fire Elementalist began the quest for the Orb.
     0 | D:1      | Reached XP level 1. HP: 11/11 MP: 3/3
   342 | D:1      | Reached XP level 2. HP: 15/17 MP: 0/5
  1009 | D:2      | Reached XP level 3. HP: 20/21 MP: 6/6
  1478 | D:2      | Reached XP level 4. HP: 11/27 MP: 7/7
  1828 | D:2      | Found Gozag's Platinum Reserve.
  1830 | D:2      | Found an opulent altar of Gozag.
  1840 | D:2      | Became a worshipper of Gozag Ym Sagoz the Greedy
  2258 | D:3      | Reached XP level 5. HP: 31/31 MP: 8/8
  2735 | D:3      | Found a blossoming altar of Fedhas.
  3164 | D:4      | Found a glowing golden altar of the Shining One.
  3205 | D:4      | Found a snail-covered altar of Cheibriados.
  3254 | D:4      | Learned a level 4 spell: Sticky Flame
  3273 | D:4      | Noticed an ogre
  3305 | D:4      | Killed an ogre
  3305 | D:4      | Reached skill level 5 in Fire Magic
  3305 | D:4      | Reached XP level 6. HP: 20/36 MP: 2/9
  4457 | D:4      | Reached XP level 7. HP: 41/41 MP: 8/12
  5045 | D:4      | Reached skill level 5 in Spellcasting
  5349 | D:5      | Entered Level 5 of the Dungeon
  5683 | D:5      | Reached skill level 5 in Conjurations
  6109 | D:5      | Reached XP level 8. HP: 46/46 MP: 2/15
  6275 | D:7      | Noticed a hippogriff
  6290 | D:7      | Killed a hippogriff
  6468 | D:7      | Found a radiant altar of Vehumet.
  6468 | D:7      | Found a bloodstained altar of Trog.
  6493 | D:7      | Found a shadowy altar of Dithmenos.
  6494 | D:7      | Found a hide-covered altar of Uskayaw.
  6553 | D:7      | Found a flagged portal.
  6576 | Bailey   | Entered a bailey
  6813 | Bailey   | Slain by an orc warrior

Vault maps used:
D:1:      lightli_arrival_statuegarden
D:2:      nicolae_gozag_zags_fifth_avenue
D:3:      lemuel_round_altar
D:4:      minmay_goblin_kobold_castle, nicolae_overflow_hidden_temple,
          tso_metal_star
D:5:      first_ration
D:6:      old_standard_altar, led_sif_book, lemuel_round_altar, basic_altar,
          ebering_ghost_sewer_d
D:7:      grunt_temple_overflow_open, minmay_temple_entry_nine_rooms,
          serial_shops, shop, enter_bailey_2
Bailey:   bailey_axe_minmay_hex_keep, bailey

Skill      XL: |  1  2  3  4  5  6  7  8 |
---------------+-------------------------+-----
Conjurations   | 2 4 5 7 |  7.0
Fire Magic     | 5 7 |  7.0
Spellcasting   | 3 5 |  5.0
Dodging        | |  2.0
Stealth        | |  2.6

Action                   |  1- 3 |  4- 6 |  7- 9 || total
-------------------------+-------+-------+-------++-------
Melee: Unarmed           |     4 |       |       ||     4
       Constrict         |     8 |     9 |     7 ||    24
       Short sword       |    37 |    37 |    11 ||    85
       Tentacles         |     7 |     7 |     2 ||    16
       Hand axe          |       |       |    12 ||    12
 Cast: Flame Tongue      |    27 |   121 |   108 ||   256
       Sticky Flame      |       |     2 |    12 ||    14
  Use: Scroll            |       |       |    12 ||    12
       Potion            |       |       |     1 ||     1
 Stab: Sleeping          |     5 |     4 |       ||     9
  Eat: Chunk             |     2 |     1 |       ||     3
       Ration            |       |     3 |     5 ||     8
Armor: Skin              |     2 |     8 |     2 ||    12
Dodge: Dodged            |    39 |    52 |    55 ||   146
Block: Other             |       |    12 |     5 ||    17
       Reflection        |       |     5 |       ||     5

Table legend:
 A = Spawn XP
 B = Non-spawn XP
 C = Spawn XP percentage of total XP
 D = Spawn monster count
 E = Non-spawn monster count
 F = Spawn count percentage of total count
 G = Total turns spent on level
                    A         B        C        D         E        F      G
               +---------+---------+-------+---------+---------+-------+---------
         Total |       0 |    2164 |   0.0 |       0 |     173 |   0.0 |  6813
               +---------+---------+-------+---------+---------+-------+---------
           D:1 |       0 |      25 |   0.0 |       0 |      13 |   0.0 |   947
           D:2 |       0 |     130 |   0.0 |       0 |      26 |   0.0 |  1132
           D:3 |       0 |      78 |   0.0 |       0 |      28 |   0.0 |  1066
           D:4 |       0 |     706 |   0.0 |       0 |      72 |   0.0 |  2204
           D:5 |       0 |     364 |   0.0 |       0 |       8 |   0.0 |   851
           D:6 |       0 |      58 |   0.0 |       0 |       5 |   0.0 |    75
           D:7 |       0 |     507 |   0.0 |       0 |       4 |   0.0 |   301
        Bailey |       0 |     296 |   0.0 |       0 |      17 |   0.0 |   237
               +---------+---------+-------+---------+---------+-------+---------
